 Dungeon Crawl Stone Soup version 0.29-a0-653-gd47aff6735 (webtiles) character file.

Game seed: 1814890392720062164

4442 xian the Cutter (level 10, 0/86 HPs)
             Began as a Yellow Draconian Fighter on June 21, 2022.
             Slain by an orc warlord
             ... wielding a +0 war axe
              (19 damage)
             ... in a bailey.
             The game lasted 00:30:37 (11461 turns).

xian the Cutter (Yellow Draconian Fighter)         Turns: 11461, Time: 00:30:38

Health: 0/86       AC: 11    Str: 23    XL:     10   Next: 15%
Magic:  0/10       EV: 13    Int: 13    God:
Gold:   817        SH:  5    Dex: 10    Spells: 9/9 levels left

rFire   . . .      SeeInvis .   r - +8 flail "Unewi" {venom, Int+4}
rCold   . . .      Faith    .   b - +0 buckler
rNeg    . . .      Spirit   +   (body armour unavailable)
rPois   .          Reflect  .   (helmet restricted)
rElec   .          Harm     .   (no cloak)
rCorr   +          Rampage  .   s - +0 pair of gloves
Will    .....                   y - +2 pair of boots
Stlth   ++........              l - amulet of guardian spirit
HPRegen 0.24/turn               m - ring of flight
MPRegen 0.12/turn               (no ring)

@: flying
A: spit acid, AC +7, unfitting armour, cold-blooded, acid resistance
a: Breathe Acid


You were in a bailey.
You visited 1 branch of the dungeon, and saw 9 of its levels.
You also visited: Ossuary and Bailey.

You collected 1130 gold pieces.
You spent 313 gold pieces at shops.

Inventory:

Hand Weapons
 r - the +8 flail "Unewi" (weapon) {venom, Int+4}
   (You bought it in a shop on level 7 of the Dungeon)

   It poisons the flesh of those it strikes.
   Int:       It affects your intelligence (+4).
 B - the +3 mace "Ukiciew" {pain, *Corrode rC++ Str+3}
   (You bought it in a shop on level 7 of the Dungeon)

   In the hands of one skilled in necromantic magic, it inflicts extra damage on
   living creatures.
   Str:       It affects your strength (+3).
   rC:        It greatly protects you from cold.
   *Corrode:  It may corrode you when you take damage.
Missiles
 p - a throwing net
 v - 26 poisoned darts
 A - 2 javelins (quivered)
Armour
 b - a +0 buckler (worn)
 s - a +0 pair of gloves (worn)
 y - a +2 pair of boots (worn)
Jewellery
 l - an amulet of guardian spirit (around neck)
 m - a ring of flight (left hand)
Wands
 t - a wand of quicksilver (8)
 x - a wand of polymorph (24)
 z - a wand of flame (43)
Scrolls
 a - 7 scrolls of teleportation
 d - a scroll of fear
 f - a scroll of enchant armour
 o - 2 scrolls of blinking
 u - a scroll of fog
 w - a scroll of amnesia
 F - a scroll of vulnerability
 G - a scroll of poison
Potions
 c - 3 potions of might
 e - 2 potions of magic
 g - 2 potions of ambrosia
 h - 5 potions of brilliance
 i - 2 potions of lignification
 j - 3 potions of curing
 k - 2 potions of invisibility
 q - 2 potions of haste {unknown}
 E - 3 potions of cancellation


   Skills:
 + Level 7.0 Fighting
 + Level 7.4(8.1) Short Blades
 + Level 4.5(6.6) Long Blades
 + Level 4.1 Maces & Flails
 + Level 0.5 Throwing
 + Level 7.1 Dodging
 + Level 4.4 Stealth
 + Level 5.5 Shields


You had 9 spell levels left.
You didn't know any spells.
Your spell library contained the following spells:

 Spells                   Type           Power      Damage    Failure   Level
 Apportation              Tloc           0%         N/A       36%         1
 Alistair's Intoxication  Tmut/Pois      0%         N/A       100%        5


Dungeon Overview and Level Annotations

Branches:
Dungeon (9/15)             Temple (0/1) D:5         Ossuary (visited)
 Bailey (1/1)
   Lair: D:8-11         Orc: D:9-12

Altars:
Ashenzari
Cheibriados
Dithmenos
Fedhas
Hepliaklqana
Xom
Zin

Shops:
D:6 [   D:7 (


Innate Abilities, Weirdness & Mutations

You can spit globs of acid.
Your golden yellow scales are hard. (AC +7)
You cannot fit into any form of body armour.
You are cold-blooded and may be slowed by cold attacks.
You are resistant to acid. (rCorr)


Message History

You sock the orc warlord!
The orc warlord looks as sick as possible!
You tail-slap the orc warlord, but do no damage.
The orc warlord is lightly wounded.
The orc warlord misses you.
You bludgeon the orc warlord!! You tail-slap the orc warlord.
The orc warlord is moderately wounded.
The orc warlord barely misses you.
You thump the orc warlord!
The orc warlord is moderately wounded.
You block the orc warlord's attack.
You hit the orc warlord but do no damage.
The orc warlord is moderately wounded.
The orc warlord barely misses you. You block the orc warlord's attack.
You thump the orc warlord!
The orc warlord is heavily wounded.
You block the orc warlord's attack.
You hit the orc warlord but do no damage.
The orc warlord looks as sick as possible!
You tail-slap the orc warlord, but do no damage.
The orc warlord is heavily wounded.
You block the orc warlord's attack.
You sock the orc warlord!
The orc warlord looks as sick as possible!
You tail-slap the orc warlord, but do no damage.
The orc warlord is severely wounded.
The orc warlord hits you with a +0 war axe!!
You closely miss the orc warlord.
The orc warlord is severely wounded.
The orc warlord hits you with a +0 war axe!! x2
You hit the orc warlord.
The orc warlord looks as sick as possible!
You tail-slap the orc warlord, but do no damage.
The orc warlord is severely wounded.
The orc warlord hits you with a +0 war axe!
* * * LOW HITPOINT WARNING * * *
You closely miss the orc warlord.
Your tail-slap misses the orc warlord.
The orc warlord is severely wounded.
The orc warlord hits you with a +0 war axe!!
You die...

##### ##### ##...## ##...##
##.....## ##)....##
##.......#######.......##
##..8..8.....@))...8..8..##
#....).......o............#
#.........................#
#...8...)..#'''#......8...#
##......####(≈≈####......##
♣##.....#≈≈≈(≈≈≈≈≈#.....##♣
♣.##....#≈.8...8.≈#....##.♣
♣♣..###'###...(...###'###..♣♣
♣...≈≈≈.#≈≈.8...8.≈≈#.≈≈≈...♣


You could see an orc warlord (extremely poisoned).

Vanquished Creatures
  Pikel (D:7)
  2 wyverns
  2 yaks (D:9)
  5 water moccasins
  An acid dragon (D:8)
  4 orc warriors (Bailey)
  An ice beast (D:6)
  3 sky beasts
  A black bear (D:8)
  An ogre (D:4)
  A centaur (D:8)
  A phantom (D:3)
  A kobold brigand (D:7)
  2 gnoll sergeants
  4 scorpions
  5 wights (D:8)
  3 howler monkeys
  A jelly (D:7)
  3 human zombies (Ossuary)
  4 orc priests
  3 hounds
  3 iguanas
  4 orc wizards
  4 mummies (Ossuary)
  Robin (D:3)
  14 gnolls
  7 adders
  A shadow imp (D:5)
  2 ufetubi
  A worm (D:2)
  2 dart slugs
  15 orcs
  7 bats
  6 endoplasms
  2 giant cockroaches (D:2)
  A gnoll zombie (Ossuary)
  22 goblins
  12 hobgoblins
  4 jackals
  5 quokkas
  5 ball pythons
  7 frilled lizards (D:1)
  A goblin zombie (Ossuary)
  A hobgoblin zombie (Ossuary)
  24 kobolds
  2 orc zombies (Ossuary)
  5 rats
207 creatures vanquished.

Vanquished Creatures (others)
  29 fungi
  23 plants (D:9)
52 creatures vanquished.

Grand Total: 259 creatures vanquished

Notes
Turn   | Place    | Note
-------+----------+-------------------------------------------
     0 | D:1      | xian the Draconian Fighter began the quest for the Orb.
     0 | D:1      | Reached XP level 1. HP: 19/19 MP: 1/1
   351 | D:1      | Reached XP level 2. HP: 20/26 MP: 2/2
  1009 | D:1      | Reached XP level 3. HP: 33/33 MP: 3/3
  1581 | D:2      | Found a faded altar of an unknown god.
  1949 | D:2      | Reached XP level 4. HP: 40/40 MP: 4/4
  2563 | D:3      | Noticed a phantom
  2585 | D:3      | Killed a phantom
  2586 | D:3      | Reached skill level 1 in Stealth
  2586 | D:3      | Reached XP level 5. HP: 42/46 MP: 3/5
  2717 | D:3      | HP: 2/46 [orc/+2 short sword of freezing (2)]
  2996 | D:3      | Identified the +4 ring mail of Ekhloydim {Harm Int+4 SInv}
  3371 | D:3      | Noticed Robin
  3402 | D:3      | Killed Robin
  3419 | D:3      | Reached XP level 6. HP: 10/52 MP: 2/6
  4051 | D:3      | Reached skill level 1 in Short Blades
  4455 | D:4      | Found a glowing silver altar of Zin.
  4465 | D:4      | Found a broken altar of Ashenzari.
  4481 | D:4      | Found a shadowy altar of Dithmenos.
  4964 | D:4      | Found a hazy altar of Hepliaklqana.
  4994 | D:4      | Found a snail-covered altar of Cheibriados.
  5139 | D:5      | Entered Level 5 of the Dungeon
  5262 | D:5      | Found a staircase to the Ecumenical Temple.
  5330 | D:5      | Your scales start taking on a golden yellow colour.
  5330 | D:5      | Reached XP level 7. HP: 60/60 MP: 7/7
  5330 | D:5      | Gained mutation: You are resistant to acid. (rCorr) [Yellow
                  | Draconian growth]
  6610 | D:6      | Reached skill level 5 in Fighting
  6873 | D:6      | Reached XP level 8. HP: 42/68 MP: 8/8
  7009 | D:6      | Found Lathuqe's Armour Boutique.
  7042 | D:6      | Reached skill level 5 in Dodging
  7229 | D:6      | Found a shimmering altar of Xom.
  7606 | D:7      | Noticed Pikel
  7619 | D:7      | Killed Pikel
  7620 | D:7      | Reached skill level 5 in Short Blades
  7686 | D:7      | Reached XP level 9. HP: 20/75 MP: 6/9
  7705 | D:7      | Found a sand-covered staircase.
  7760 | Ossuary  | Entered an ossuary
  8221 | Ossuary  | Identified a scroll of acquirement
  8221 | Ossuary  | Acquired 618 gold pieces
  8355 | D:7      | Found a blossoming altar of Fedhas.
  8476 | D:7      | Reached skill level 5 in Shields
  8538 | D:7      | Found Deresy's Antique Weapon Emporium.
  8542 | D:7      | Bought a slimy mace for 152 gold pieces
  8542 | D:7      | Identified the +3 mace "Ukiciew" {pain, *Corrode rC++
                  | Str+3} (You bought it in a shop on level 7 of the Dungeon)
  8544 | D:7      | Bought a twisted flail for 161 gold pieces
  8544 | D:7      | Identified the +8 flail "Unewi" {venom, Int+4} (You bought
                  | it in a shop on level 7 of the Dungeon)
  9240 | D:8      | Reached skill level 1 in Maces & Flails
 10489 | D:9      | Noticed a komodo dragon
 10500 | D:9      | HP: 3/78 [komodo dragon (17)]
 10907 | D:9      | Found a flagged portal.
 10926 | D:9      | Reached XP level 10. HP: 42/84 MP: 2/10
 10932 | Bailey   | Entered a bailey
 10993 | Bailey   | Noticed an orc warlord
 11285 | Bailey   | Found a runed translucent gate.
 11285 | Bailey   | Found a runed translucent gate.
 11290 | Bailey   | Found a runed translucent gate.
 11461 | Bailey   | Slain by an orc warlord

Illustrated notes

Levels and vault maps discovered:
D:1:      psy_arrival_conway, layout_loops_ring
D:2:      layout_basic, ebering_ecumenical_altar_abandoned,
          lemuel_another_geyser
D:3:      cheibrodos_pilgrimage, layout_basic, minmay_misc_feat_rows, uniq_robin
D:4:      layout_cave_pools, mainiacjoe_overflow_large_starburst,
          grunt_temple_overflow_open
D:5:      nicolae_cairo_tiling_large, layout_loops_corners,
          minmay_temple_entry_statues, minmay_misc_feat_x, eino_tiny_chamber
D:6:      nicolae_cairo_tiling_very_big, layout_loops_ring,
          mainiacjoe_overflow_surrounded_room, serial_shops, shop
D:7:      layout_basic, fedhas_altar_3, lightli_ossuary_entry_decrepit_ruins,
          serial_shops, shop, uniq_pikel
D:8:      layout_basic, st_stairs_4
D:9:      layout_cave_pods, due_lair_maze_entry_diamond, enter_bailey_3
Bailey:   bailey_axe_bossmonster_kennysheep, bailey

Skill      XL: |  1  2  3  4  5  6  7  8  9 10 |
---------------+-------------------------------+-----
Dodging        | 3 4 5 6 7 |  7.1
Long Blades    | 3 4 |  4.5
Stealth        | 1 2 3 4 |  4.4
Fighting       | 4 5 6 7 |  7.0
Short Blades   | 2 4 6 7 |  7.4
Shields        | 4 5 |  5.5
Maces & Flails | 3 4 |  4.1
Throwing       | |  0.5

Action                   |  1- 3 |  4- 6 |  7- 9 | 10-12 || total
-------------------------+-------+-------+-------+-------++-------
Melee: Long sword        |   131 |    83 |       |       ||   214
       Tailslap          |    11 |    20 |    52 |    13 ||    96
       Short sword       |       |   131 |   294 |       ||   425
       Flail             |       |       |    98 |    70 ||   168
Throw: Javelin           |       |       |     7 |     2 ||     9
       Dart              |       |       |       |     1 ||     1
 Abil: Breathe Acid      |       |       |     3 |       ||     3
  Use: Scroll            |     4 |     9 |    15 |       ||    28
       Potion            |       |     1 |     7 |       ||     8
 Stab: Sleeping          |     1 |     2 |     8 |     1 ||    12
       Distracted        |       |       |     2 |       ||     2
Armor: Skin              |    49 |    69 |   121 |    24 ||   263
Dodge: Dodged            |   101 |   111 |   253 |    55 ||   520
Block: Buckler           |    35 |    48 |    93 |    31 ||   207

Table legend: (Time is in decaauts)
 A = Elapsed time spent in this place.
 B = Non-inter-level travel time spent in this place.
 C = Inter-level travel time spent in this place.
 D = Time resting spent in this place.
 E = Time spent auto-exploring this place.
 F = Levels seen in this place.
 G = Mean time per level.
                   A        B        C        D        E       F      G
               +--------+--------+--------+--------+--------+-----+--------+
         Total |  11558 |  11397 |    161 |   1600 |   6593 |  11 | 1050.7 |
       Dungeon |  10489 |  10328 |    161 |   1220 |   6527 |   9 | 1165.4 |
       Ossuary |    511 |    511 |      0 |    172 |     66 |   1 |  511.0 |
        Bailey |    557 |    557 |      0 |    208 |      0 |   1 |  557.0 |
               +--------+--------+--------+--------+--------+-----+--------+

Top non-repeatable levels by time:
     D:8: 2084 daAuts
     D:3: 1957 daAuts
     D:1: 1310 daAuts
     D:2: 1266 daAuts
     D:6: 1233 daAuts
     D:5: 1220 daAuts
     D:4: 683 daAuts
     D:7: 591 daAuts
  Bailey: 557 daAuts
 Ossuary: 511 daAuts
     D:9: 143 daAuts
